 Dungeon Crawl Stone Soup version 0.28-a0-1560-g060a6a1bfc (webtiles) character file.

Game seed: 13217796673365896419

405 BritishOli the Ducker (level 6, 0/48 HPs)
             Began as a Demonspawn Gladiator on Jan 19, 2022.
             Succumbed to a scorpion's poison
             ... on level 4 of the Dungeon.
             The game lasted 00:06:49 (3834 turns).

BritishOli the Ducker (Demonspawn Gladiator)        Turns: 3834, Time: 00:06:50

Health: 0/48       AC:  4    Str: 16    XL:     6   Next: 56%
Magic:  6/6        EV: 13    Int: 10    God:
Gold:   94         SH:  4    Dex: 14    Spells: 5/5 levels left

rFire   . . .      SeeInvis .   a - +0 long sword
rCold   . . .      Faith    .   (no shield)
rNeg    . . .      Spirit   .   b - +0 leather armour
rPois   .          Reflect  .   c - +0 helmet
rElec   .          Harm     .   (no cloak)
rCorr   .          Rampage  .   (no gloves)
Will    .....                   (no boots)
Stlth   +.........              (no amulet)
HPRegen 0.16/turn               (no ring)
MPRegen 0.10/turn               (no ring)

@: lethally poisoned (0 -> -4), attractive, invisible
A: hooves 1, large bone plates 1, powered by death 1
a: no special abilities


You were on level 4 of the Dungeon.
You visited 1 branch of the dungeon, and saw 4 of its levels.

You collected 94 gold pieces.

Inventory:

Hand Weapons
 a - a +0 long sword (weapon)
Missiles
 d - 2 throwing nets (quivered)
Armour
 b - a +0 leather armour (worn)
 c - a +0 helmet (worn)
Jewellery
 k - a ring of wizardry
Scrolls
 e - 5 scrolls of identify {unknown}
 f - a scroll of magic mapping {unknown}
 g - 2 scrolls of noise {unknown}
 h - a scroll of immolation {unknown}
 i - a scroll of teleportation {unknown}
 l - 3 scrolls of summoning {unknown}
 n - 2 scrolls of vulnerability {unknown}
 p - 2 scrolls of enchant armour {unknown}


   Skills:
 + Level 3.8 Fighting
 + Level 4.1 Long Blades
 - Level 3.0 Throwing
 + Level 1.6 Armour
 + Level 4.1 Dodging


You had 5 spell levels left.
You didn't know any spells.
Your spell library contained the following spells:

 Spells                   Type           Power      Damage    Failure   Level
 Slow                     Hex            0%         N/A       43%         1
 Summon Small Mammal      Summ           0%         N/A       43%         1
 Call Canine Familiar     Summ           0%         N/A       80%         3
 Confusing Touch          Hex            0%         N/A       80%         3
 Summon Guardian Golem    Hex/Summ       0%         N/A       80%         3
 Vampiric Draining        Necr           0%         2d6       80%         3
 Animate Armour           Summ/Erth      0%         N/A       99%         4
 Blade Hands              Tmut           0%         N/A       100%        5
 Iron Shot                Conj/Erth      0%         9d1       100%        6


Dungeon Overview and Level Annotations

Branches:
Dungeon (4/15)
 Temple: D:4-7

Altars:

Shops:
D:3 :=


Innate Abilities, Weirdness & Mutations

You have large cloven feet.
You are partially covered in large bone plates. (SH +4)
You regenerate a little health from kills.


Message History

You feel sick. The scorpion closely misses you.
You block the scorpion's attack.
You hit the scorpion but do no damage.
The scorpion is heavily wounded.
You feel sick. The scorpion closely misses you.
You hit the scorpion. You kick the scorpion.
The scorpion is severely wounded.
You feel sick. The scorpion misses you. The scorpion barely misses you.
You closely miss the scorpion. Your kick misses the scorpion.
The scorpion is severely wounded.
You feel sick. The scorpion stings you!
* * * LOW HITPOINT WARNING * * *
You are lethally poisoned!
The scorpion poisons you!
You slash the scorpion!
You kill the scorpion!
* * * LOW HITPOINT WARNING * * *
You feel very sick.
Okay, then.
It was a potion of attraction.
You feel attractive to monsters.
* * * LOW HITPOINT WARNING * * *
You feel sick.
It was a potion of invisibility.
You fade into invisibility!
* * * LOW HITPOINT WARNING * * *
You feel very sick.
Really walk into that teleport trap?
You enter a teleport trap!
The teleport trap disappears.
Your surroundings suddenly seem different.
* * * LOW HITPOINT WARNING * * *
You feel sick.
You aren't carrying any potions.
Okay, then.
* * * LOW HITPOINT WARNING * * *
You feel sick.
* * * LOW HITPOINT WARNING * * *
You feel sick.
You aren't carrying any potions.
You die...

#.##.# #.# ...
#.##.# ### #.#
.#.# #.##..
..# #.. .. #.#
#.# ## #.# #.#
#รท# #.# #.#
#.# #.######.#
#...@.##)#
#####.##<#
#.##)#
##.##.##### .#
##
####.........#
.# .r
#.....######.#
.# .# #......#
#.##.#..#
#......#
#....#..##
#......#
#..#......


There were no monsters in sight!

Vanquished Creatures
  2 necrophages
  A scorpion (D:4)
  A hound skeleton (D:4)
  Robin (D:4)
  2 river rats (D:3)
  5 adders
  A worm (D:2)
  A dart slug (D:1)
  An orc (D:3)
  11 endoplasms
  4 giant cockroaches
  14 goblins
  11 hobgoblins
  6 kobolds
  4 quokkas
  7 ball pythons
  A bat (D:3)
  4 frilled lizards
  4 rats
81 creatures vanquished.

Notes
Turn   | Place    | Note
-------+----------+-------------------------------------------
     0 | D:1      | BritishOli the Demonspawn Gladiator began the quest for the
                  | Orb.
     0 | D:1      | Reached XP level 1. HP: 16/16 MP: 1/1
   305 | D:1      | Gained mutation: You are partially covered in large bone
                  | plates. (SH +4) [demonic ancestry]
   305 | D:1      | Reached XP level 2. HP: 22/22 MP: 2/2
   537 | D:1      | Found a faded altar of an unknown god.
   936 | D:1      | Gained mutation: You have large cloven feet. [demonic
                  | ancestry]
   936 | D:1      | Reached XP level 3. HP: 28/28 MP: 3/3
  1823 | D:2      | Gained mutation: You regenerate a little health from kills.
                  | [demonic ancestry]
  1823 | D:2      | Reached XP level 4. HP: 34/34 MP: 4/4
  2216 | D:3      | Noticed a necrophage
  2227 | D:3      | Killed a necrophage
  2228 | D:3      | Reached XP level 5. HP: 21/41 MP: 5/5
  2508 | D:3      | Found Ekhymn's Book Emporium.
  2905 | D:3      | Found Kiogoe's Jewellery Shoppe.
  3156 | D:4      | Noticed Robin
  3191 | D:4      | Killed Robin
  3327 | D:4      | Noticed a necrophage
  3340 | D:4      | Killed a necrophage
  3341 | D:4      | Reached skill level 1 in Armour
  3341 | D:4      | Reached XP level 6. HP: 41/48 MP: 6/6
  3832 | D:4      | HP: 1/48 [poisoned by a scorpion]
  3834 | D:4      | Succumbed to a scorpion's poison

Illustrated notes

Levels and vault maps discovered:
D:1:      lightli_arrival_statuegarden, layout_loops_corners, serial_aquarium,
          aquarium_bridge_square [aquarium_subvault_bridge,
          aquarium_subvault_wall, aquarium_subvault_bridge,
          aquarium_subvault_wall], aquarium_bridge_straight
          [aquarium_subvault_bridge, aquarium_subvault_wall,
          aquarium_subvault_bridge, aquarium_subvault_wall],
          aquarium_window_fake, aquarium_window_fake, aquarium_view_2f,
          aquarium_view_2e, aquarium_pool_1, basic_ecumenical_altar
D:2:      layout_rooms
D:3:      layout_basic, portal_sewer_entry_b, serial_shops, nicolae_shop_trees,
          nicolae_shop_hallway_plus
D:4:      layout_loops_ring, minmay_temple_entry_metal_lava, uniq_robin

Skill      XL: |  1  2  3  4  5  6 |
---------------+-------------------+-----
Throwing       | 2 3 |  3.0
Long Blades    | 3 4 |  4.1
Dodging        | 3 4 |  4.1
Fighting       | 3 |  3.8
Armour         | 1 |  1.6

Action                   |  1- 3 |  4- 6 || total
-------------------------+-------+-------++-------
Melee: Long sword        |   101 |   148 ||   249
       Kick              |     6 |    36 ||    42
       Punch             |     1 |     4 ||     5
Throw: Throwing net      |       |     1 ||     1
  Use: Potion            |       |     3 ||     3
 Stab: Sleeping          |     1 |       ||     1
Armor: Leather armour    |    13 |    41 ||    54
Dodge: Dodged            |    46 |   134 ||   180
Block: Other             |    13 |    32 ||    45

Table legend: (Time is in decaauts)
 A = Elapsed time spent in this place.
 B = Non-inter-level travel time spent in this place.
 C = Inter-level travel time spent in this place.
 D = Time resting spent in this place.
 E = Time spent auto-exploring this place.
 F = Levels seen in this place.
 G = Mean time per level.
                   A        B        C        D        E       F      G
               +--------+--------+--------+--------+--------+-----+--------+
         Total |   3895 |   3768 |    127 |      0 |   3139 |   4 |  973.8 |
       Dungeon |   3895 |   3768 |    127 |      0 |   3139 |   4 |  973.8 |
               +--------+--------+--------+--------+--------+-----+--------+

Top non-repeatable levels by time:
     D:1: 1449 daAuts
     D:3: 1225 daAuts
     D:2: 795 daAuts
     D:4: 426 daAuts
